Cogmind - Beta 13 @@@ ROGUE MODE // 2024.07.04 @ 16:20:21 Player: Jazzer Result: Destroyed by G-34 Mercenary with Small Laser Performance ------------- Evolutions (0) 0 Regions Visited (4) 800 Robots Destroyed (28) 140 Value Destroyed (587) 587 Prototype IDs (23) 460 Alien Tech Used (0) 0 Bonus (300) 300 TOTAL SCORE: 2287 Bonus ------- Aligned with FarCom 300 Cogmind --------- Core Integrity 0/250 Matter 212/300 Energy 265/265 System Corruption 4% Temperature Warm (140) Movement Walking (120) Location -9/Mines Parts ------- > --- POWER (1) -------- Improved Ion Engine > --- PROPULSION (2) --- Improved Aluminum Leg Improved Aluminum Leg > --- UTILITY (2) ------ Medium Storage Unit Seismic Detector > --- WEAPON (2) ------- Spread Laser Heavy Assault Rifle > --- INVENTORY (10) --- Improved Ion Engine Improved Aluminum Leg Improved Aluminum Leg Structural Scanner Spread Laser Firepult Heavy Assault Rifle Grenade Launcher Rocket Launcher Peak State ------------ > --- POWER ------------ Improved Ion Engine > --- PROPULSION ------- Improved Aluminum Leg Improved Aluminum Leg > --- UTILITY ---------- Medium Storage Unit Seismic Detector > --- WEAPON ----------- Spread Laser Heavy Assault Rifle > --- INVENTORY -------- Improved Ion Engine Improved Aluminum Leg Improved Aluminum Leg Structural Scanner Spread Laser Firepult Heavy Assault Rifle Grenade Launcher Rocket Launcher [Rating: 15] Favorites ----------- Power Improved Ion Engine Engine Improved Ion Engine Power Core Light Nuclear Core Propulsion Improved Aluminum Leg Leg Improved Aluminum Leg Utility Seismic Detector Device Seismic Detector Storage Medium Storage Unit Weapon Assault Rifle Energy Gun Spread Laser Ballistic Gun Assault Rifle Launcher Grenade Launcher Build | -11 -10 -10 -10 -9 ------- Run | Yrd Mat Min Exi Min Slots Evolved . | . . . . . Power . | . . . . . Propulsion . | . . . . . Utility . | . . . . . Weapon . | . . . . . Parts Attached 28 | 7 17 . 2 2 Power 5 | 1 4 . . . Engine 3 | 1 2 . . . Core 2 | . 2 . . . Reactor . | . . . . . Propulsion 7 | 2 5 . . . Treads . | . . . . . Leg 7 | 2 5 . . . Wheel . | . . . . . Hover . | . . . . . Flight . | . . . . . Utility 3 | 2 1 . . . Device 1 | 1 . . . . Storage 2 | 1 1 . . . Processor . | . . . . . Hackware . | . . . . . Protection . | . . . . . Artifact . | . . . . . Weapon 13 | 2 7 . 2 2 Energy Gun 6 | 1 4 . 1 . Energy Cannon . | . . . . . Ballistic Gun 5 | 1 2 . 1 1 Ballistic Cannon . | . . . . . Launcher 2 | . 1 . . 1 Special Weapon . | . . . . . Impact Weapon . | . . . . . Slashing Weapon . | . . . . . Piercing Weapon . | . . . . . Special Melee Weapon . | . . . . . Unidentified Prototypes . | . . . . . Parts Lost 3 | . 3 . . . Power 1 | . 1 . . . Propulsion . | . . . . . Utility . | . . . . . Weapon 2 | . 2 . . . Highest Loss Streak 3 | . 3 . . . To Critical Strikes . | . . . . . Average Slot Usage (%) 96 | . 98 100 84 100 Engine 11 | . 9 14 14 14 Core 2 | . 4 . . . Leg 28 | . 28 28 28 28 Device 14 | . 14 14 14 14 Storage 14 | . 14 14 14 14 Energy Gun 12 | . 13 14 6 14 Ballistic Gun 12 | . 13 14 6 13 Naked Turns . | . . . . . Heaviest Build 24 | 15 24 24 24 24 Greatest Support 26 | 20 26 26 26 26 Greatest Overweight (x) 3 | 3 . . . . Average Overweight (x) . | . . . . . Largest Inventory Capacity 10 | 8 10 10 10 10 Average Capacity 9 | 7 8 10 10 10 Most Carried 10 | 6 10 10 10 10 Average Carried 8 | 4 8 9 9 10 Final Capacity 10 | 8 10 10 10 10 Final Carried 10 | 6 9 10 10 10 Class Distribution -------------------- 78% | Mutant 21% | Scavenger-Mutant Dominant Class ---------------- Mutant | -10/Materials Mutant | -10/Mines Mutant | -10/Exiles Mutant | -9/Mines Resources | -11 -10 -10 -10 -9 ----------- Run | Yrd Mat Min Exi Min Matter Collected 666 | 270 375 . . 21 Remotely . | . . . . . Salvage Created 662 | 117 510 . . 35 Parts 55 | 4 44 . . 7 Haulers Intercepted 2 | . 2 . . . Recyclers Shooed 1 | . 1 . . . Parts Field Recycled . | . . . . . Retrieved Matter . | . . . . . Parts Self-Destructed . | . . . . . Prevented . | . . . . . Kills | -11 -10 -10 -10 -9 ------- Run | Yrd Mat Min Exi Min Combat Hostiles Destroyed 15 | . 13 . . 2 Guns 7 | . 6 . . 1 AOE 8 | . 7 . . 1 Classes Destroyed 8 | 2 5 . . 1 Worker 3 | . 3 . . . Tunneler 5 | 2 2 . . 1 Hauler 2 | . 2 . . . Recycler 1 | 1 . . . . Watcher 2 | . 2 . . . Swarmer 3 | . 3 . . . Grunt 11 | . 10 . . 1 Duelist 1 | . . . . 1 Best Kill Streak 8 | 3 8 . . 3 Combat Bots Only 4 | . 4 . . 2 Max Kills in Single Turn 8 | 1 8 . . 2 Gunslinging . | . . . . . Exploded 4 | . 4 . . 1 Melee . | . . . . . Uniques/NPCs Destroyed . | . . . . . Combat | -11 -10 -10 -10 -9 -------- Run | Yrd Mat Min Exi Min Hostile Shots Fired 73 | . 61 . . 12 Missed 16 | . 14 . . 2 Damage Taken 978 | . 670 . . 308 Core 254 | . 131 . . 123 Absorbed by Shields . | . . . . . Core Remaining (%) 100 | 100 . . . . Volleys Fired 67 | 12 48 . . 7 Largest 2 | 1 2 . . 2 Hottest 88 | 50 70 . . 88 Shots Fired 111 | 12 88 . . 11 Gun 101 | 12 81 . . 8 Cannon . | . . . . . Launcher 10 | . 7 . . 3 Special . | . . . . . Kinetic 44 | . 40 . . 4 Thermal 57 | 12 41 . . 4 Explosive 10 | . 7 . . 3 Electromagnetic . | . . . . . Robot Hit Streak 8 | 3 8 . . 8 Robot Miss Streak 7 | 2 7 . . 2 Penetration Max . | . . . . . Secondary Targets 1 | . . . . 1 Max Gunslinging Chain 1 | . . . . 1 Shots Hit Robots 57 | 8 44 . . 5 Core Hits 44 | 4 33 . . 7 Critical Kills . | . . . . . Critical Parts Destroyed . | . . . . . Critical Strikes . | . . . . . Melee Attacks . | . . . . . Impact . | . . . . . Slashing . | . . . . . Piercing . | . . . . . Sneak Attacks . | . . . . . Combat Hostiles . | . . . . . Follow-up Attacks . | . . . . . Damage Inflicted 2305 | 114 1870 . . 321 Guns 745 | 101 566 . . 78 Cannons . | . . . . . Explosions 1541 | . 1300 . . 241 Melee . | . . . . . Ramming 19 | 13 4 . . 2 Kinetic 344 | . 315 . . 29 Thermal 1430 | 101 1280 . . 49 Explosive 512 | . 271 . . 241 Electromagnetic . | . . . . . Impact . | . . . . . Slashing . | . . . . . Piercing . | . . . . . Highest Corruption 4 | . 3 3 3 4 Average Corruption 3 | . 2 3 3 3 Corruption Purged . | . . . . . Corruption Blocked . | . . . . . Effects 28 | . 15 3 4 6 Message Errors 9 | . 4 1 . 4 Matter Fused 7 | . 3 1 2 1 Heat Flow Errors 3 | . 3 . . . Energy Discharges 2 | . 1 1 . . Data Loss (minor) 3 | . . . 2 1 Data Loss (major) 1 | . 1 . . . Misfires 1 | . 1 . . . Alerts 1 | . 1 . . . Weapon Failures 1 | . 1 . . . Overload Shots . | . . . . . Overflow Damage 226 | . 226 . . . Projectiles . | . . . . . Explosions 226 | . 226 . . . Melee . | . . . . . Knockbacks . | . . . . . Impact . | . . . . . Kinetic . | . . . . . Secondary . | . . . . . Self-Inflicted Damage 168 | . 158 . . 10 Shots 3 | . 2 . . 1 Rammed . | . . . . . Targets Rammed 5 | 2 2 . . 1 Kicked 5 | 2 2 . . 1 Crushed . | . . . . . Highest Temperature 177 | 40 177 . . 134 Average Temperature 53 | 17 58 . . 69 Received Heat Transfer 255 | . 219 . . 36 Siege Activations . | . . . . . Robots Corrupted . | . . . . . Combat Hostiles . | . . . . . Parts Fried . | . . . . . Impact Corruptions . | . . . . . Robots Melted . | . . . . . Combat Hostiles . | . . . . . Parts Melted 3 | 2 1 . . . Heat Transferred 1642 | 296 1281 . . 65 Parts Sabotaged . | . . . . . Parts Stolen . | . . . . . Parts Stripped . | . . . . . Power Chain Reactions . | . . . . . Alert | -11 -10 -10 -10 -9 ------- Run | Yrd Mat Min Exi Min Peak Influence 343 | 15 343 39 . 74 Initial 39 | . 9 39 . . Average 101 | 3 152 39 . 2 Maximum Alert Level 1 | . 1 . . . Low Security (%) 82 | 100 72 100 . 100 Level 1 17 | . 27 . . . Level 2 . | . . . . . Level 3 . | . . . . . Level 4 . | . . . . . Level 5 . | . . . . . High Security . | . . . . . Max Security . | . . . . . Squads Dispatched 3 | . 3 . . . Investigation 1 | . 1 . . . Extermination . | . . . . . Reinforcement 2 | . 2 . . . Assault . | . . . . . Garrison . | . . . . . Intercept . | . . . . . Searches Triggered . | . . . . . Construction Impeded . | . . . . . Haulers Reinforced . | . . . . . Active Scanning Responses . | . . . . . Cargo Convoy Interrupts . | . . . . . Stealth | -11 -10 -10 -10 -9 --------- Run | Yrd Mat Min Exi Min Distress Signals . | . . . . . Communications Jammed . | . . . . . Distress Signals . | . . . . . Times Spotted 32 | . 29 . . 3 Peak Tracking Total 8 | . 8 . . 3 Tactical Retreats 5 | . 5 . . . Traps | -11 -10 -10 -10 -9 ------- Run | Yrd Mat Min Exi Min Traps Triggered 5 | . 4 . . 1 Indirectly . | . . . . . Trap Hack Attempts . | . . . . . Triggered . | . . . . . Disarmed . | . . . . . Reprogrammed . | . . . . . Reused . | . . . . . Traps Extracted . | . . . . . Installed . | . . . . . Triggered . | . . . . . Machines | -11 -10 -10 -10 -9 ---------- Run | Yrd Mat Min Exi Min Machines Disabled 3 | . 3 . . . Max in Single Turn 3 | . 3 . . . Machines Repaired . | . . . . . Machines Dismantled . | . . . . . Machines Sabotaged . | . . . . . Overloaded Fab Kills . | . . . . . Hacking | -11 -10 -10 -10 -9 --------- Run | Yrd Mat Min Exi Min Machines Accessed 8 | . 5 . 2 1 Terminals 6 | . 5 . . 1 Fabricators . | . . . . . Repair Stations . | . . . . . Recycling Units . | . . . . . Scanalyzers . | . . . . . Garrison Access . | . . . . . Total Hacks 19 | . 15 . 2 2 Successful 11 | . 8 . 2 1 Failed 7 | . 6 . . 1 Catastrophic . | . . . . . Database Lockouts 1 | . 1 . . . Manual 14 | . 13 . 1 . Terminals 17 | . 15 . . 2 Fabricators . | . . . . . Repair Stations . | . . . . . Recycling Units . | . . . . . Scanalyzers . | . . . . . Garrison Access . | . . . . . Terminal Hacks 9 | . 6 . 2 1 Record 1 | . . . 1 . Robot Analysis 3 | . 3 . . . Alert Level 1 | . 1 . . . Unreport Threat 1 | . 1 . . . Locate Traps 1 | . 1 . . . Zone Layout 1 | . . . . 1 Derelict Proto ID Bank 1 | . . . 1 . Fabricator Hacks . | . . . . . Repair Station Hacks . | . . . . . Recycling Unit Hacks . | . . . . . Scanalyzer . | . . . . . Garrison Access Hacks . | . . . . . Unauthorized Hacks 2 | . 2 . . . Terminals 2 | . 2 . . . Botnet 2 | . 2 . . . Fabricators . | . . . . . Repair Stations . | . . . . . Recycling Units . | . . . . . Scanalyzers . | . . . . . Garrison Access . | . . . . . Data Cores Recovered . | . . . . . Used . | . . . . . Hacking Detections 5 | . 4 . . 1 Full Trace Events . | . . . . . Feedback Events . | . . . . . Feedback Blocked . | . . . . . Robot Schematics Acquired . | . . . . . Robots Built . | . . . . . Authchips . | . . . . . Time . | . . . . . Total Robot Build Rating . | . . . . . Part Schematics Acquired . | . . . . . Parts Built . | . . . . . Authchips . | . . . . . Time . | . . . . . Total Part Build Rating . | . . . . . Parts Repaired . | . . . . . Time . | . . . . . Parts Recycled . | . . . . . Recycled Matter . | . . . . . Retrieved Matter . | . . . . . Retrieved Components . | . . . . . Parts Scanalyzed . | . . . . . Part Schematics Acquired . | . . . . . Parts Damaged . | . . . . . Bothacking | -11 -10 -10 -10 -9 ------------ Run | Yrd Mat Min Exi Min Used RIF Installer . | . . . . . Robots Hacked . | . . . . . Non-combat . | . . . . . Combat . | . . . . . Robot Hacks Applied . | . . . . . Relay Couplers Released . | . . . . . Fabnet Peak Effective % . | . . . . . Robots Rewired . | . . . . . Allies Hacked . | . . . . . Hacks Repelled . | . . . . . Allies | -11 -10 -10 -10 -9 -------- Run | Yrd Mat Min Exi Min Total Allies 2 | . . 2 . . Largest Group 2 | . . 2 2 . Highest-Rated Group 46 | . . 46 46 . Highest-Rated Ally 31 | . . 31 31 . Total Orders . | . . . . . Ally Attacks . | . . . . . Total Damage . | . . . . . Kills . | . . . . . Allies Corrupted . | . . . . . Allies Melted . | . . . . . Intel | -11 -10 -10 -10 -9 ------- Run | Yrd Mat Min Exi Min Robot Analysis Total 3 | . 3 . . . Derelict Logs Recovered 1 | . . . . 1 Drone Launches . | . . . . . Drone Recoveries . | . . . . . Exploration | -11 -10 -10 -10 -9 ------------- Run | Yrd Mat Min Exi Min Turns Passed 1838 | 104 1014 86 280 354 Spaces Moved 1283 | 46 675 64 230 268 Core 6 | 6 . . . . Treads . | . . . . . Legs 1277 | 40 675 64 230 268 Wheels . | . . . . . Hover . | . . . . . Flight . | . . . . . Fastest Speed 50 | 50 120 120 120 120 Average Speed 120 | 132 120 120 120 120 Slowest Speed 200 | 200 120 120 120 120 Overloaded Moves . | . . . . . Propulsion Burnouts . | . . . . . Robots Hopped . | . . . . . Cave-ins Triggered . | . . . . . Exploration Rate (%) 47 | 4 96 22 60 57 Regions Visited 4 Branch Regions 3 Pre-discovered Areas 2 | . . . 1 1 Known Exits Taken . | . . . . . Unknown Exits Taken 4 | 1 1 1 1 . Scrap Searched 1 | . . . . 1 Spaces Dug 10 | . . . . 10 Terrain Destroyed 67 | . 46 . . 21 Melee . | . . . . . Projectile . | . . . . . AOE 67 | . 46 . . 21 Terrain Rammed . | . . . . . Walls Destroyed . | . . . . . Machines Disabled . | . . . . . Actions | -11 -10 -10 -10 -9 --------- Run | Yrd Mat Min Exi Min Total 1476 | 73 805 73 236 289 Wait 40 | . 20 9 . 11 Move 1280 | 46 674 63 229 268 Hop . | . . . . . Pick Up 27 | 7 18 1 1 . Fast Attach 11 | 6 5 . . . Attach 4 | 1 1 . 2 . Detach 3 | . 1 . 2 . Swap 13 | . 11 . . 2 Drop 27 | . 25 . 2 . Fire 67 | 12 48 . . 7 Melee . | . . . . . Ram . | . . . . . Kick 4 | 1 2 . . 1 Crush . | . . . . . Escape Stasis . | . . . . . Rewire . | . . . . . Trap . | . . . . . Miscellaneous . | . . . . . Route ------- -11/Scrapyard -10/Materials (discovered 4 exits: [*Mat x3] / [*Min]) -10/Mines -10/Exiles -9/Mines History --------- Turn | Location | Event 20 | -11/Scrapyard | Discovered new exit (range 15) 105 | -11/Scrapyard | Entered Materials 286 | -10/Materials | Discovered new exit (range 9) 418 | -10/Materials | Lost 3 parts (1p2w) 530 | -10/Materials | Build established: Scavenger-Mutant 569 | -10/Materials | Discovered new exit (range 12) 667 | -10/Materials | Discovered new exit (range 5) 706 | -10/Materials | Central database locked down 877 | -10/Materials | Core integrity fell below 50% 908 | -10/Materials | Discovered new exit (range 13) 921 | -10/Materials | Build established: Mutant 1119 | -10/Materials | Entered Mines 1158 | -10/Mines | Received a Rocket Launcher from a helpful Derelict 1197 | -10/Mines | Deemed a non-threat by the Exiles lab entrance 1197 | -10/Mines | Discovered new exit (range 5) 1205 | -10/Mines | Entered Exiles 1205 | -10/Exiles | Accompanied by 2 allies 1235 | -10/Exiles | Led the pair of lost Derelicts to a safe place 1236 | -10/Exiles | Met 8R-AWN 1257 | -10/Exiles | Met EX-HEX 1297 | -10/Exiles | Met EX-BIN 1317 | -10/Exiles | Aligned with FarCom system 1318 | -10/Exiles | Given EX-Vault access code 1347 | -10/Exiles | Opened EX-Vault 1359 | -10/Exiles | Found Firepult 1388 | -10/Exiles | Warned to stay clear of 0b10 Research branches 1426 | -10/Exiles | Met EX-DEC 1438 | -10/Exiles | Learned location of Zion (-7) 1472 | -10/Exiles | Discovered new exit (range 14) 1485 | -10/Exiles | Left Exiles lab with Firepult 1485 | -10/Exiles | Entered Mines 1833 | -9/Mines | Core integrity fell below 20% 1839 | -9/Mines | Destroyed by G-34 Mercenary with Small Laser Last Messages --------------- 01671_ A derelict is hurriedly installing traps. 01673_ 0N-S72(g): "Hehe, this'll put a wrench in their mining defense operations..." 01673_ 0N-S72(g) slips into the shadows. 01679_ System corruption misinterpreted. 01679_ Triggered Dirty Bomb Trap. 01679_ An explosion rips through the floor. 01679_ Dirty Bomb Trap short circuited. 01679_ An explosion rips through the floor. 01680_ ZONJ2 01724_ Acquired derelict log, extracted data. World map updated: -8/Materials. 01824_ Z141FP28GHA0MN: YHZEUIG#&FFN UM 01833_ R-06 Scavenger collects Seismic Detector. 01837_ L-31 Rogue destroyed. 01837_ Switching to secondary target: G-34 Mercenary. 01837_ R-06 Scavenger collects Mining Laser. Map ----- +----------------------------------------------------+ | ??# ?????????????# # | | ??# ?????????????# # | | ??# ?????????????# # | | ??# ??????????????# # | | ??# #??????????????# # | | ??## #???????????????# # | | ???## ##??????????????# # | | ????## ##?????????????# # | | ?????# ####??????????# | | ?????# #?????????## | | ?????## ## #????????## | | ??????# ## #????????# | | ??????# ### ########## | | ??????# #?# | | ?????## #?# | | ???### #?############ | | ??## #????????????# | | ??# #???????????# # | | ??# ##??????????# ## | | ??# ##?????????## ##? | | ??# #??????????####?# | | ??# #???????????????# | | ??# ##??????????????# | | ??# ####??????????????# | | ??# ##?????????????????# | | ??#@ ##??????????????????## | | ?# %#????????????????????# | | ? #??????????????????# | | ## #????????????????? | | ?# g ????????????????? # | | ?# !????????????????? ? | | ?# [% ??????????????????? | | ?## = ????????????????? | | ??## ??????????????? | | ????# ! ????????????? | | ?????## =% ??????????? | | ???????# r # ?????????? | | ????????# ## #???????????? | | ?????????###?? #???????????? | | ??????????????? ???????????? | | ???????????????????????????? | | ???????????????????????????? | | ???????????????????????????? | | ???????????????????????????? | | ???????????????????????????? | | ???????????????????????????? | | ???????????????????????????? | | ???????????????????????????? | | ???????????????????????????? | | ???????????????????????????? | +----------------------------------------------------+ Best States ------------- Heat Dissipation 25 Energy Generation 14 Energy Capacity 265 Matter Stores 300 Matter Capacity 300 Sight Range 16 Terrain Scan Density 10 Evasion (%) 55 Item Schematics ----------------- None Robot Schematics ------------------ None Fabricated ------------ Nothing Alien Tech Used ----------------- None Achievements -------------- None Challenges ------------ None Game ------ Seed HardlightSniperAxe Manual? 0 Play Time 00:17:26 Cumulative 309.2 hours Start 2024.07.04 @ 16:04:54 End 2024.07.04 @ 16:20:21 Sessions 1 Manual Loads 0 Difficulty Rogue Special Mode None Game No. 185 Rogue 185 Adventurer 0 Explorer 0 Win Type - Total 2 Types 2/0/0/0/0/0/0/0/0 Lore% 54 Gallery% 64 Achievement% 41 Wizard Run 0 Options --------- Layout 0 ASCII 0 Keyboard 1 Movement Numpad Keybinds 0 Fullscreen 2 Font 24/Smallcaps Map View 76x50 Zoom Use 0% Tactical HUD 1 Map Filters NONE Filters NONE Steam 1 RUN: 3ad0ee63-2298-45fe-8f76-1aa0deabaeaf